 Dungeon Crawl Stone Soup version 0.29.0-4-gdea44cf6ec (webtiles) character file.

Game seed: 4536724905125090266

158 qw the Chopper (level 5, -1/42 HPs)
             Began as a Barachi Chaos Knight on Sept 5, 2022.
             Slain by a white imp (2 damage)
             ... summoned by Xom
             ... on level 6 of the Dungeon.
             The game lasted 00:01:19 (2813 turns).

qw the Chopper (Barachi Chaos Knight)               Turns: 2813, Time: 00:01:19

Health: -1/42      AC:  4    Str: 15    XL:     5   Next: 40%
Magic:  5/5        EV:  4    Int: 13    God:
Gold:   109        SH:  0    Dex: 11    Spells: 4/4 levels left

rFire   . . .      SeeInvis .   Y - +0 hand axe (chaos)
rCold   . . .      Faith    .   (no shield)
rNeg    . . .      Spirit   .   j - +0 plate armour
rPois   .          Reflect  .   (no helmet)
rElec   .          Harm     .   e - +0 cloak
rCorr   .          Rampage  .   (no gloves)
Will    .....                   (no boots)
Stlth   ..........              (no amulet)
HPRegen 0.14/turn               (no ring)
MPRegen 0.09/turn               (no ring)

@: corroded, slow
A: amphibious, slowness 1, strong legs 1, +LOS
a: Hop


You were on level 6 of the Dungeon.
You visited 1 branch of the dungeon, and saw 4 of its levels.

You collected 109 gold pieces.


Innate Abilities, Weirdness & Mutations

You are amphibious.
You cover ground slowly.
You can hop short distances.
You have an extended range of vision and can be seen from far away.


   Skills:
 - Level 4.1 Fighting
 + Level 6.0 Axes
 - Level 3.0 Armour
 - Level 1.1 Dodging


You had 4 spell levels left.
You didn't know any spells.
Your spell library was empty.

Inventory:

Hand Weapons
 d - a +0 mace
 Y - a +0 hand axe of chaos (weapon)
Armour
 e - a +0 cloak (worn)
 j - a +0 plate armour (worn)
Jewellery
 f - the ring "Gekuor" {Fire rPois MP+9 Str+4}
   (You took it off a kobold on level 3 of the Dungeon)

   [ring of fire]

   It enhances your fire magic.
   Str:       It affects your strength (+4).
   rF:        It protects you from fire.
   rC:        It makes you vulnerable to cold.
   rPois:     It protects you from poison.
   MP:        It affects your magic capacity (+9).
 g - a ring of fire
Scrolls
 a - 2 scrolls of identify
 h - a scroll of vulnerability {unknown}
Potions
 b - a potion of cancellation
 i - a potion of brilliance {unknown}
 k - a potion of ambrosia {unknown}
Miscellaneous
 c - a piece from Xom's chessboard (15/15)

Dungeon Overview and Level Annotations

Branches:
Dungeon (3/15)

Altars:


Message History

You hear Xom's maniacal laughter.
A rust devil comes into view.
You hit the rust devil but do no damage.
You barely miss the white imp. You barely miss the crimson imp.
You hit the rust devil but do no damage.
You hit the crimson imp. You freeze the crimson imp.
You hit the white imp but do no damage.
The white imp seems to speed up.
The white imp gestures at you. The puff of frost hits you.
The rust devil hits you. The rust devil corrodes you!
The crimson imp hits you but does no damage.
The white imp gestures at you. The puff of frost hits you!
You hit the crimson imp but do no damage.
Lightning courses through the crimson imp!
You kill the crimson imp!
The crimson imp disappears in a puff of smoke!
You hit the white imp.
The white imp resists with some effort.
You hit the rust devil but do no damage.
The white imp gestures at you. The puff of frost hits you!
The rust devil barely misses you.
The white imp hits you but does no damage.
You hit the white imp but do no damage.
The white imp is lightly wounded.
You closely miss the rust devil. You hit the white imp but do no damage.
You hit the iron imp but do no damage.
The white imp grins evilly.
The white imp gestures at you.
The puff of frost hits you but does no damage.
The iron imp barely misses you. The rust devil hits you.
The rust devil corrodes you! The white imp barely misses you.
You hit the white imp. You burn the white imp.
The white imp is moderately wounded.
You barely miss the white imp. You hit the iron imp but do no damage.
The iron imp is poisoned.
You closely miss the rust devil.
The white imp hits you but does no damage.
The iron imp hits you. The rust devil barely misses you.
The white imp barely misses you. The white imp hits you.
The white imp freezes you.
You die...

#.# #. #.##
#.. #..#
#... ##.#
#.... #.#
...... #.#
#.....#
#.##.....#
#5#5....##
#4@5.....#
#.ยค...#..#
#....##
#...##
#..## ####


You could see a rust devil (summoned), an iron imp (summoned, very poisoned) and
2 white imps.

Vanquished Creatures
  A jelly (D:6)
  An iguana (D:2)
  3 adders
  A worm (D:2)
  5 orcs (D:3)
  4 endoplasms (D:2)
  4 giant cockroaches
  8 goblins
  6 hobgoblins
  4 jackals
  2 quokkas (D:2)
  3 ball pythons
  4 bats
  3 frilled lizards
  9 kobolds
  5 rats
63 creatures vanquished.

Notes
Turn   | Place    | Note
-------+----------+-------------------------------------------
     0 | D:1      | qw the Barachi Chaos Knight began the quest for the Orb.
     0 | D:1      | Reached XP level 1. HP: 18/18 MP: 1/1
     0 | D:1      | 0 ||| qw: Version: 0.1-a-104-g96f76f8
     0 | D:1      | 0 ||| qw: Game counter: 5912
     0 | D:1      | 0 ||| qw: Always use a shield: true
     0 | D:1      | 0 ||| qw: God list: Okawaru
     0 | D:1      | 0 ||| qw: Allow faded altars: false
     0 | D:1      | 0 ||| qw: Do Orc after D:15 true
     0 | D:1      | 0 ||| qw: Do second Lair branch before Depths: true
     0 | D:1      | 0 ||| qw: Lair rune preference: random
     0 | D:1      | 0 ||| qw: Plans: Normal
     0 | D:1      | 0 ||| PLANNING D:1-11
     0 | D:1      | Fell from the grace of Xom
   137 | D:1      | Reached XP level 2. HP: 19/24 MP: 2/2
   160 | D:1      | XOM: 1-stop teleportation journey
   333 | D:1      | Reached skill level 4 in Axes
   847 | D:1      | 847 ||| UPGRADING to +0 ring mail.
   857 | D:1      | 857 ||| DROPPING +2 leather armour.
   858 | D:1      | 858 ||| UPGRADING to +0 plate armour.
   868 | D:1      | 868 ||| DROPPING +0 ring mail.
   869 | D:1      | 869 ||| READING 2 scrolls labelled BOSOFEPUSKAT.
   870 | D:1      | 870 ||| READING scroll labelled PUSULYUCROL.
   949 | D:2      | Reached XP level 3. HP: 29/29 MP: 3/3
  1063 | D:2      | 1063 ||| Stepping ~*~*~tactically~*~*~ (stealth).
  1074 | D:2      | 1074 ||| FLEEEEING.
  1288 | D:2      | XOM: polymorph goblin -> iguana
  1298 | D:2      | Reached skill level 5 in Axes
  1298 | D:2      | Reached XP level 4. HP: 23/36 MP: 4/4
  1410 | D:2      | 1410 ||| Stepping ~*~*~tactically~*~*~ (stealth).
  1412 | D:2      | 1412 ||| Stepping ~*~*~tactically~*~*~ (stealth).
  1414 | D:2      | 1414 ||| Stepping ~*~*~tactically~*~*~ (stealth).
  1616 | D:2      | 1616 ||| Stepping ~*~*~tactically~*~*~ (stealth).
  1875 | D:2      | 1875 ||| READING 3 scrolls of identify.
  1875 | D:2      | 1875 ||| IDENTIFYING fizzy inky potion
  1876 | D:2      | 1876 ||| READING 2 scrolls of identify.
  1876 | D:2      | 1876 ||| IDENTIFYING glowing golden potion
  1877 | D:2      | 1877 ||| DROPPING potion of degeneration.
  1878 | D:2      | 1878 ||| DROPPING potion of flight.
  1904 | D:3      | 1904 ||| STAIRDANCE
  2000 | D:3      | 2000 ||| READING scroll labelled ORU VAEWAODD.
  2031 | D:3      | 2031 ||| READING 2 scrolls of identify.
  2031 | D:3      | 2031 ||| IDENTIFYING ruby potion
  2056 | D:3      | 2056 ||| UPGRADING to +0 cloak.
  2075 | D:3      | 2075 ||| Stepping ~*~*~tactically~*~*~ (stealth).
  2210 | D:3      | Reached skill level 3 in Armour
  2328 | D:3      | Found a faded altar of an unknown god.
  2329 | D:3      | Identified the ring "Gekuor" {Fire rPois MP+9 Str+4}
  2353 | D:3      | Reached XP level 5. HP: 38/41 MP: 5/5
  2714 | D:3      | You fall into a shaft and drop 3 floors!
  2727 | D:6      | Reached skill level 6 in Axes
  2808 | D:6      | XOM: summons 5 hostile demons
  2809 | D:6      | Noticed a rust devil
  2811 | D:6      | HP: 10/42 [white imp/puff of frost[Xom] (12)]
  2813 | D:6      | HP: 2/42 [iron imp[Xom] (6)]
  2813 | D:6      | Slain by a white imp

Levels and vault maps discovered:
D:1:      dpeg_arrival_tiny_g, layout_loops_ring, kennysheep_pointless_box
D:2:      layout_loops_ring, kennysheep_decorative_pillar
D:3:      minmay_chambers_of_threes, layout_basic,
          hellmonk_ecumenical_altar_arch_garden, wad_orctagon
D:6:      layout_loops_cross, grunt_qazlal_sundering, minmay_crossroads

Skill      XL: |  1  2  3  4  5 |
---------------+----------------+-----
Axes           | 4 5 6 |  6.0
Armour         | 3 |  3.0
Fighting       | 4 |  4.1
Dodging        | |  1.1

Action                   |  1- 3 |  4- 6 || total
-------------------------+-------+-------++-------
Melee: Hand axe          |   104 |   114 ||   218
Invok: Renounce Religion |     1 |       ||     1
  Use: Scroll            |     2 |     4 ||     6
Armor: Leather armour    |    20 |       ||    20
       Plate armour      |    30 |    74 ||   104
Dodge: Dodged            |    46 |    24 ||    70

Table legend:
 A = Non-vault XP
 B = Vault XP
 C = Vault XP percentage of total XP
 D = Non-vault monster count
 E = Vault monster count
 F = Vault count percentage of total count
                 A         B        C        D         E       F
            +---------+---------+-------+---------+---------+-------
      Total |     173 |      54 |  23.8 |      58 |       5 |   7.9
            +---------+---------+-------+---------+---------+-------
        D:1 |      28 |       0 |   0.0 |      16 |       0 |   0.0
        D:2 |      95 |       0 |   0.0 |      26 |       0 |   0.0
        D:3 |      37 |      12 |  24.5 |      15 |       4 |  21.1
        D:6 |      13 |      42 |  76.4 |       1 |       1 |  50.0
            +---------+---------+-------+---------+---------+-------
